Rangers vs Devils

Created - 2 octobre 2019 at 22:36

Simulating a Pre-Season

Goals
1 2 3 T
Rangers 1 0 1 2
Devils 1 1 2 4
Shots
1 2 3 T
Rangers 8 6 13 27
Devils 4 15 9 28

1st period

1. Devils , Scott Wilson 1 (Mike Hoffman 4, Justin Schultz 1) at 5:35
2. Rangers , James Neal 1 (Braydon Coburn 2, Brandon Pirri 1) at 8:32

Penalties :
Cedric Paquette (NYR) for Holding (Minor) at 3:32, Alexander Radulov (NYR) for Holding (Minor) at 18:45

2nd period

3. Devils , Pavel Zacha 2 (Eric Fehr 2) at 5:23

Penalties :
Nicklas Backstrom (NJD) for Tripping (Minor) at 0:11, Joel Edmundson (NYR) for Tripping (Minor) at 18:18

3rd period

4. Rangers , Alexander Radulov 1 (Anthony Mantha 2, Connor McDavid 4) at 3:07
5. Devils , Nicklas Backstrom 1 (Justin Schultz 2, Chris Kreider 1) at 5:39
6. Devils , Sam Reinhart 2 (Travis Konecny 1, Ryan Pulock 1) at 15:56

Penalties :
No Penalty

Goalie Stats

Christopher Gibson (NYR), 24 saves from 28 shots - (0.857), L, 1-1-0, 60:00 minutes
Jordan Binnington (NJD), 25 saves from 27 shots - (0.926), W, 2-0-0, 60:00 minutes

Players Stats for Rangers

Player Name              G  A  P  +/- PIM S  H  SB GA TA FO     MP     PP MP  PK MP  
------------------------------------------------------------------------------------
Alexander Radulov        1  0  1   0  2   3  1  0  0  0  0/1    19:28   0:46   1:13 
Anthony Mantha           0  1  1   0  0   4  5  0  0  0  8/13   22:30   0:46   3:54 
Brandon Pirri            0  1  1  -1  0   1  1  0  0  0  4/12    8:18   0:00   0:00 
Braydon Coburn           0  1  1   1  0   0  2  6  0  0  0/0    21:00   0:46   2:11 
Cedric Paquette          0  0  0  -1  2   3  0  0  0  0  1/2    16:15   0:40   0:00 
Connor McDavid           0  1  1   0  0   3  1  0  0  0  13/27  17:17   0:00   0:00 
Fredrik Claesson         0  0  0  -3  0   0  1  0  0  0  0/0    17:09   0:00   0:00 
James Neal               1  0  1  -1  0   1  0  0  0  0  1/1     8:01   0:00   0:00 
Joel Edmundson           0  0  0   1  2   0  2  3  0  0  0/0    21:24   0:46   1:12 
Jordan Schroeder         0  0  0   0  0   1  1  0  0  0  0/0    12:11   0:00   0:28 
Kyle Rau                 0  0  0  -1  0   1  1  0  0  0  0/0     8:01   0:00   0:00 
Matt Niskanen            0  0  0  -2  0   0  1  1  0  0  0/0     8:57   0:00   0:00 
Michael Del Zotto        0  0  0   0  0   0  3  2  0  0  0/0    24:11   0:40   3:46 
Nick Bonino              0  0  0   0  0   4  0  0  0  0  8/12   13:59   0:46   1:30 
Nick Leddy               0  0  0  -1  0   2  0  3  0  0  0/0    26:48   0:40   3:39 
Noel Acciari             0  0  0  -1  0   0  1  1  0  0  1/3    16:16   0:40   0:00 
Ondrej Palat             0  0  0   0  0   3  2  0  0  0  0/0    11:43   0:00   0:00 
Vincent Trocheck         0  0  0  -1  0   1  0  0  0  0  9/17   20:32   0:40   3:43 

Players Stats for Devils

Player Name              G  A  P  +/- PIM S  H  SB GA TA FO     MP     PP MP  PK MP  
------------------------------------------------------------------------------------
Chase De Leo             0  0  0   1  0   0  0  0  0  0  3/8     6:49   0:00   0:16 
Chris Kreider            0  1  1   0  0   1  2  0  0  0  0/1    17:56   1:56   0:18 
Damon Severson           0  0  0   1  0   2  5  2  0  0  0/0    23:40   3:03   0:00 
Eric Fehr                0  1  1   1  0   1  0  0  0  0  1/1    15:59   0:00   0:52 
Jordan Staal             0  0  0   1  0   3  2  0  0  0  14/26  18:53   3:28   0:18 
Justin Schultz           0  2  2   2  0   1  0  1  0  0  0/0    20:34   3:36   0:45 
Kurtis MacDermid         0  0  0  -1  0   0  1  0  0  0  0/0    17:01   0:00   0:41 
Mathieu Joseph           0  0  0   1  0   0  0  0  0  0  1/1     6:49   0:00   0:16 
Mike Hoffman             0  1  1   0  0   0  2  0  0  0  1/2    19:16   3:28   0:00 
Nicklas Backstrom        1  0  1   0  2   3  0  0  0  0  15/24  17:37   1:55   0:00 
Niklas Hjalmarsson       0  0  0  -1  0   1  0  0  0  0  0/0    17:05   0:00   0:45 
Pavel Zacha              1  0  1   1  0   6  2  1  0  0  1/3    16:55   1:48   0:00 
Ryan Pulock              0  1  1   1  0   1  5  2  0  0  0/0    20:37   0:00   0:00 
Sam Reinhart             1  0  1   0  0   4  0  0  0  0  7/22   19:16   3:28   0:00 
Scott Wilson             1  0  1   1  0   1  1  0  0  0  0/0     7:25   0:00   0:52 
Steven Santini           0  0  0   2  0   0  2  0  0  0  0/0    17:27   0:33   0:41 
T.J. Oshie               0  0  0   0  0   0  1  0  0  0  0/0    17:38   1:56   0:00 
Travis Konecny           0  1  1   0  0   4  0  0  0  0  0/0    17:03   1:48   0:00 

3 Stars

1 - Pavel Zacha (NJD)
2 - Justin Schultz (NJD)
3 - Ryan Pulock (NJD)

Power Play

Rangers - 0 on 1 Attempt(s) - 0.00%
Devils - 0 on 3 Attempt(s) - 0.00%

Penalty Kill

Rangers - 3 on 3 Attempt(s) - 100.00% - Score 0 goal in Penalty Kill
Devils - 1 on 1 Attempt(s) - 100.00% - Score 0 goal in Penalty Kill

Team Stat

Rangers - Hits : 22 - Faceoff Wins : 45 - Blocked Shots : 16 - Penalty Minutes : 6
Devils - Hits : 23 - Faceoff Wins : 43 - Blocked Shots : 6 - Penalty Minutes : 2

Official

Referees : Kevin Pollock and Tom Kowal
Linesman : Vaughan Rody and Mark Wheler

Game Notes

Matt Niskanen is injured at 14:26 of 2nd period (Sprained Left Knee)

% Time on Ice - Rangers

Lines # - Real PCT - Wanted PCT - Time Play
Normal Forward
1 - 33% - 40% - 17:17
2 - 30% - 30% - 15:36
3 - 22% - 20% - 11:43
4 - 15% - 10% - 8:01
Normal Defense
1 - 34% - 40% - 17:47
2 - 29% - 30% - 15:27
3 - 34% - 20% - 17:58
4 - 3% - 10% - 1:25
PP Forward
1 - 53% - 60% - 0:46
2 - 47% - 40% - 0:40
PP Defense
1 - 47% - 60% - 0:40
2 - 53% - 40% - 0:46
PK Forward
1 - 72% - 60% - 3:54
2 - 28% - 40% - 1:30
PK Defense
1 - 60% - 60% - 3:13
2 - 40% - 40% - 2:11
PK3 Forward
1 - 0% - 60%
2 - 0% - 40%
PK3 Defense
1 - 0% - 60%
2 - 0% - 40%
44 Forward
1 - 100% - 60% - 0:33
2 - 0% - 40% - 0:00
44 Defense
1 - 100% - 60% - 0:33
2 - 0% - 40% - 0:00
Last Minute Offensive  - 0:00
Last Minute Defensive  - 0:00
Total
Forward - 60:00
Defense - 60:00

% Time on Ice - Devils

Lines # - Real PCT - Wanted PCT - Time Play
Normal Forward
1 - 30% - 32% - 15:42
2 - 29% - 30% - 15:15
3 - 29% - 30% - 15:07
4 - 12% - 8% - 6:33
Normal Defense
1 - 30% - 30% - 15:33
2 - 31% - 30% - 16:20
3 - 31% - 30% - 16:13
4 - 9% - 10% - 4:31
PP Forward
1 - 36% - 52% - 1:56
2 - 64% - 48% - 3:28
PP Defense
1 - 67% - 60% - 3:36
2 - 33% - 40% - 1:48
PK Forward
1 - 81% - 60% - 1:10
2 - 19% - 40% - 0:16
PK Defense
1 - 48% - 60% - 0:41
2 - 52% - 40% - 0:45
PK3 Forward
1 - 0% - 60%
2 - 0% - 40%
PK3 Defense
1 - 0% - 60%
2 - 0% - 40%
44 Forward
1 - 100% - 60% - 0:33
2 - 0% - 40% - 0:00
44 Defense
1 - 100% - 60% - 0:33
2 - 0% - 40% - 0:00
Last Minute Offensive  - 0:00
Last Minute Defensive  - 0:00
Total
Forward - 60:00
Defense - 60:00

Play-by-Play

1st period


0:01 of 1st period - Nicklas Backstrom wins face-off versus Connor McDavid in neutral zone.
0:04 of 1st period - Shot by Ryan Pulock.
0:04 of 1st period - Shot Blocked by Nick Leddy.
0:16 of 1st period - Shot by Alexander Radulov.
0:16 of 1st period - Shot Blocked by Ryan Pulock.
0:18 of 1st period - Shot by Nick Leddy.
0:18 of 1st period - Shot Misses the Net.
0:20 of 1st period - Shot by Nick Leddy.
0:20 of 1st period - Stopped by Jordan Binnington without a rebound.
0:21 of 1st period - Sam Reinhart wins face-off versus Noel Acciari in Devils zone.
0:33 of 1st period - Shot by Vincent Trocheck.
0:33 of 1st period - Shot Hit the Post.
0:35 of 1st period - Shot by Cedric Paquette.
0:35 of 1st period - Shot Misses the Net.
0:40 of 1st period - Icing by Niklas Hjalmarsson.
0:41 of 1st period - Nick Bonino wins face-off versus Sam Reinhart in Devils zone.
0:50 of 1st period - Shot by Nick Bonino.
0:50 of 1st period - Stopped by Jordan Binnington without a rebound.
0:51 of 1st period - Jordan Staal wins face-off versus Brandon Pirri in Devils zone.
1:02 of 1st period - Eric Fehr is hit by Kyle Rau and loses puck.
1:12 of 1st period - Justin Schultz is hit by Michael Del Zotto and loses puck.
2:18 of 1st period - Icing by Ryan Pulock.
2:19 of 1st period - Nicklas Backstrom wins face-off versus Connor McDavid in Devils zone.
2:19 of 1st period - Nicklas Backstrom is hit by Anthony Mantha.
2:24 of 1st period - Icing by Damon Severson.
2:25 of 1st period - Nicklas Backstrom wins face-off versus Alexander Radulov in Devils zone.
2:25 of 1st period - Nicklas Backstrom is hit by Anthony Mantha.
2:43 of 1st period - Connor McDavid is hit by Damon Severson and loses puck.
2:48 of 1st period - Shot by Connor McDavid.
2:48 of 1st period - Stopped by Jordan Binnington with a rebound.
3:32 of 1st period - Minor Penalty to Cedric Paquette for Holding.
3:33 of 1st period - Anthony Mantha wins face-off versus Jordan Staal in Rangers zone.
3:33 of 1st period - Anthony Mantha is hit by Jordan Staal.
3:44 of 1st period - Off-side.
3:45 of 1st period - Anthony Mantha wins face-off versus Jordan Staal in neutral zone.
4:11 of 1st period - Shot by Travis Konecny.
4:11 of 1st period - Stopped by Christopher Gibson without a rebound.
4:12 of 1st period - Anthony Mantha wins face-off versus Jordan Staal in Rangers zone.
4:38 of 1st period - Shot by Mike Hoffman.
4:38 of 1st period - Shot Misses the Net.
5:25 of 1st period - Shot by Alexander Radulov.
5:25 of 1st period - Shot Misses the Net.
5:35 of 1st period - Shot by Scott Wilson.
5:35 of 1st period - Goal by Scott Wilson - Rangers : 0 - Devils : 1.
5:36 of 1st period - Brandon Pirri wins face-off versus Chase De Leo in neutral zone.
5:59 of 1st period - Icing by Fredrik Claesson.
6:00 of 1st period - James Neal wins face-off versus Pavel Zacha in Rangers zone.
6:00 of 1st period - James Neal is hit by Pavel Zacha.
6:15 of 1st period - James Neal is hit by Damon Severson and loses puck.
6:25 of 1st period - Brandon Pirri is hit by Ryan Pulock and loses puck.
6:46 of 1st period - Shot by Sam Reinhart.
6:46 of 1st period - Shot Misses the Net.
7:21 of 1st period - Sam Reinhart is hit by Michael Del Zotto and loses puck.
8:15 of 1st period - Shot by Connor McDavid.
8:15 of 1st period - Shot Misses the Net.
8:24 of 1st period - Icing by Niklas Hjalmarsson.
8:25 of 1st period - Brandon Pirri wins face-off versus Chris Kreider in Devils zone.
8:32 of 1st period - Shot by James Neal.
8:32 of 1st period - Goal by James Neal - Rangers : 1 - Devils : 1.
8:33 of 1st period - Nick Bonino wins face-off versus Jordan Staal in neutral zone.
8:48 of 1st period - Shot by Ondrej Palat.
8:48 of 1st period - Stopped by Jordan Binnington without a rebound.
8:49 of 1st period - Chase De Leo wins face-off versus Anthony Mantha in Devils zone.
9:49 of 1st period - Icing by Eric Fehr.
9:50 of 1st period - Vincent Trocheck wins face-off versus Jordan Staal in Devils zone.
10:37 of 1st period - Shot by Sam Reinhart.
10:37 of 1st period - Shot Blocked by Braydon Coburn.
10:39 of 1st period - Shot by Travis Konecny.
10:39 of 1st period - Shot Misses the Net.
11:00 of 1st period - Sam Reinhart is hit by Matt Niskanen and loses puck.
11:29 of 1st period - Shot by Nick Bonino.
11:29 of 1st period - Shot Misses the Net.
11:31 of 1st period - Shot by Jordan Schroeder.
11:31 of 1st period - Stopped by Jordan Binnington without a rebound.
11:32 of 1st period - Chase De Leo wins face-off versus Connor McDavid in Devils zone.
11:46 of 1st period - Icing by Damon Severson.
11:47 of 1st period - Chase De Leo wins face-off versus Brandon Pirri in Devils zone.
12:18 of 1st period - Off-side.
12:19 of 1st period - Connor McDavid wins face-off versus Jordan Staal in neutral zone.
12:26 of 1st period - Shot by Connor McDavid.
12:26 of 1st period - Deflect By Anthony Mantha.
12:26 of 1st period - Shot Misses the Net.
12:50 of 1st period - Off-side.
12:51 of 1st period - Vincent Trocheck wins face-off versus Sam Reinhart in neutral zone.
13:54 of 1st period - Shot by Nick Leddy.
13:54 of 1st period - Shot Misses the Net.
14:04 of 1st period - Shot by T.J. Oshie.
14:04 of 1st period - Shot Misses the Net.
14:54 of 1st period - Shot by Jordan Staal.
14:54 of 1st period - Shot Blocked by Nick Leddy.
14:56 of 1st period - Shot by Jordan Staal.
14:56 of 1st period - Stopped by Christopher Gibson with a rebound.
15:06 of 1st period - Shot by Pavel Zacha.
15:06 of 1st period - Shot Misses the Net.
15:22 of 1st period - Shot by Scott Wilson.
15:22 of 1st period - Shot Misses the Net.
15:53 of 1st period - Icing by Joel Edmundson.
15:54 of 1st period - Connor McDavid wins face-off versus Sam Reinhart in Rangers zone.
16:08 of 1st period - Connor McDavid is hit by Ryan Pulock and loses puck.
16:23 of 1st period - Shot by Mike Hoffman.
16:23 of 1st period - Shot Misses the Net.
16:30 of 1st period - Alexander Radulov is hit by Ryan Pulock and loses puck.
16:46 of 1st period - Matt Niskanen is hit by Damon Severson and loses puck.
16:56 of 1st period - Vincent Trocheck is hit by Ryan Pulock and loses puck.
17:01 of 1st period - Shot by Vincent Trocheck.
17:01 of 1st period - Stopped by Jordan Binnington without a rebound.
17:02 of 1st period - Nicklas Backstrom wins face-off versus Brandon Pirri in Devils zone.
17:17 of 1st period - Shot by James Neal.
17:17 of 1st period - Shot Misses the Net.
17:19 of 1st period - Shot by Kyle Rau.
17:19 of 1st period - Stopped by Jordan Binnington without a rebound.
17:20 of 1st period - Vincent Trocheck wins face-off versus Jordan Staal in Devils zone.
18:04 of 1st period - Icing by Joel Edmundson.
18:05 of 1st period - Vincent Trocheck wins face-off versus Nicklas Backstrom in Rangers zone.
18:05 of 1st period - Vincent Trocheck is hit by Chris Kreider.
18:12 of 1st period - Joel Edmundson is hit by Steven Santini and loses puck.
18:36 of 1st period - Shot by Justin Schultz.
18:36 of 1st period - Stopped by Christopher Gibson without a rebound.
18:37 of 1st period - Connor McDavid wins face-off versus Mike Hoffman in Rangers zone.
18:45 of 1st period - Minor Penalty to Alexander Radulov for Holding.
18:46 of 1st period - Jordan Staal wins face-off versus Anthony Mantha in Rangers zone.
19:11 of 1st period - Icing by Jordan Staal.
19:12 of 1st period - Jordan Staal wins face-off versus Anthony Mantha in Devils zone.
19:12 of 1st period - Jordan Staal is hit by Anthony Mantha.
19:59 of 1st period - Shot by Nicklas Backstrom.
19:59 of 1st period - Shot Misses the Net.
Goals for this period are 1 for Rangers vs 1 for Devils.
Shots for this period are 8 for Rangers vs 4 for Devils.

2nd period


0:01 of 2nd period - Anthony Mantha wins face-off versus Nicklas Backstrom in neutral zone.
0:11 of 2nd period - Minor Penalty to Nicklas Backstrom for Tripping.
0:12 of 2nd period - Anthony Mantha wins face-off versus Sam Reinhart in Devils zone.
0:18 of 2nd period - Vincent Trocheck is hit by Damon Severson.
1:14 of 2nd period - Icing by Joel Edmundson.
1:15 of 2nd period - Eric Fehr wins face-off versus Nick Bonino in Rangers zone.
2:15 of 2nd period - Icing by Mike Hoffman.
2:16 of 2nd period - Sam Reinhart wins face-off versus Brandon Pirri in Devils zone.
2:31 of 2nd period - Kyle Rau is hit by Damon Severson and loses puck.
2:40 of 2nd period - Shot by James Neal.
2:40 of 2nd period - Shot Blocked by Ryan Pulock.
3:41 of 2nd period - Shot by T.J. Oshie.
3:41 of 2nd period - Deflect By Nicklas Backstrom.
3:41 of 2nd period - Stopped by Christopher Gibson with a rebound.
3:51 of 2nd period - Shot by T.J. Oshie.
3:51 of 2nd period - Shot Misses the Net.
4:06 of 2nd period - Icing by Kurtis MacDermid.
4:07 of 2nd period - Nicklas Backstrom wins face-off versus Connor McDavid in Devils zone.
4:26 of 2nd period - Shot by Connor McDavid.
4:26 of 2nd period - Shot Hit the Post.
4:40 of 2nd period - Shot by Alexander Radulov.
4:40 of 2nd period - Stopped by Jordan Binnington without a rebound.
4:41 of 2nd period - Vincent Trocheck wins face-off versus Chase De Leo in Devils zone.
5:17 of 2nd period - Icing by Noel Acciari.
5:18 of 2nd period - Noel Acciari wins face-off versus Jordan Staal in Rangers zone.
5:18 of 2nd period - Matt Niskanen is hit by Pavel Zacha and loses puck.
5:23 of 2nd period - Shot by Pavel Zacha.
5:23 of 2nd period - Goal by Pavel Zacha - Rangers : 1 - Devils : 2.
5:24 of 2nd period - Jordan Staal wins face-off versus Connor McDavid in neutral zone.
5:57 of 2nd period - Connor McDavid is hit by Steven Santini and loses puck.
6:03 of 2nd period - Pavel Zacha is hit by Michael Del Zotto and loses puck.
7:03 of 2nd period - Off-side.
7:04 of 2nd period - Vincent Trocheck wins face-off versus Sam Reinhart in neutral zone.
7:16 of 2nd period - Shot by Travis Konecny.
7:16 of 2nd period - Stopped by Christopher Gibson with a rebound.
7:23 of 2nd period - Icing by Cedric Paquette.
7:24 of 2nd period - Pavel Zacha wins face-off versus Vincent Trocheck in Rangers zone.
7:58 of 2nd period - Shot by Pavel Zacha.
7:58 of 2nd period - Stopped by Christopher Gibson without a rebound.
7:59 of 2nd period - Connor McDavid wins face-off versus Sam Reinhart in Rangers zone.
8:04 of 2nd period - Shot by Sam Reinhart.
8:04 of 2nd period - Stopped by Christopher Gibson with a rebound.
8:06 of 2nd period - Shot by Damon Severson.
8:06 of 2nd period - Shot Misses the Net.
8:08 of 2nd period - Shot by Ryan Pulock.
8:08 of 2nd period - Shot Misses the Net.
8:10 of 2nd period - Shot by Travis Konecny.
8:10 of 2nd period - Shot Misses the Net.
8:22 of 2nd period - Shot by Anthony Mantha.
8:22 of 2nd period - Stopped by Jordan Binnington with a rebound.
9:09 of 2nd period - Shot by Chris Kreider.
9:09 of 2nd period - Shot Misses the Net.
9:13 of 2nd period - Shot by Nicklas Backstrom.
9:13 of 2nd period - Shot Blocked by Joel Edmundson.
9:18 of 2nd period - Icing by Joel Edmundson.
9:19 of 2nd period - Nick Bonino wins face-off versus Jordan Staal in Rangers zone.
9:30 of 2nd period - Shot by Ondrej Palat.
9:30 of 2nd period - Shot Blocked by Justin Schultz.
9:32 of 2nd period - Shot by Ondrej Palat.
9:32 of 2nd period - Stopped by Jordan Binnington without a rebound.
9:33 of 2nd period - Cedric Paquette wins face-off versus Chase De Leo in Devils zone.
10:10 of 2nd period - Shot by Noel Acciari.
10:10 of 2nd period - Shot Misses the Net.
10:12 of 2nd period - Shot by Noel Acciari.
10:12 of 2nd period - Shot Blocked by Damon Severson.
10:19 of 2nd period - Icing by Chase De Leo.
10:20 of 2nd period - Connor McDavid wins face-off versus Chase De Leo in Devils zone.
10:36 of 2nd period - Nick Leddy is hit by Scott Wilson.
11:31 of 2nd period - Scott Wilson is hit by Joel Edmundson and loses puck.
11:49 of 2nd period - Pavel Zacha is hit by Joel Edmundson and loses puck.
11:58 of 2nd period - Shot by Eric Fehr.
11:58 of 2nd period - Shot Blocked by Braydon Coburn.
12:00 of 2nd period - Shot by Pavel Zacha.
12:00 of 2nd period - Stopped by Christopher Gibson without a rebound.
12:01 of 2nd period - Nicklas Backstrom wins face-off versus Vincent Trocheck in Rangers zone.
12:25 of 2nd period - Chris Kreider is hit by Fredrik Claesson and loses puck.
13:00 of 2nd period - Icing by Niklas Hjalmarsson.
13:01 of 2nd period - Connor McDavid wins face-off versus Nicklas Backstrom in Devils zone.
13:01 of 2nd period - Alexander Radulov is hit by Kurtis MacDermid and loses puck.
13:46 of 2nd period - Shot by Travis Konecny.
13:46 of 2nd period - Stopped by Christopher Gibson without a rebound.
13:47 of 2nd period - Jordan Staal wins face-off versus Nick Bonino in Rangers zone.
14:08 of 2nd period - Shot by Nick Bonino.
14:08 of 2nd period - Stopped by Jordan Binnington without a rebound.
14:09 of 2nd period - Brandon Pirri wins face-off versus Sam Reinhart in Devils zone.
14:12 of 2nd period - Shot by James Neal.
14:12 of 2nd period - Shot Blocked by Damon Severson.
14:24 of 2nd period - Shot by Mike Hoffman.
14:24 of 2nd period - Shot Misses the Net.
14:26 of 2nd period - Shot by Travis Konecny.
14:26 of 2nd period - Shot Blocked by Matt Niskanen.
14:26 of 2nd period - Matt Niskanen from Rangers is injured at 14:26 of 2nd period (Sprained Left Knee).
14:27 of 2nd period - Jordan Staal wins face-off versus Vincent Trocheck in Rangers zone.
14:40 of 2nd period - Shot by Eric Fehr.
14:40 of 2nd period - Stopped by Christopher Gibson without a rebound.
14:41 of 2nd period - Connor McDavid wins face-off versus Sam Reinhart in Rangers zone.
14:41 of 2nd period - Connor McDavid is hit by Mike Hoffman.
14:49 of 2nd period - Icing by Ryan Pulock.
14:50 of 2nd period - Sam Reinhart wins face-off versus Connor McDavid in Devils zone.
15:00 of 2nd period - Icing by Nick Leddy.
15:01 of 2nd period - Jordan Staal wins face-off versus Connor McDavid in Rangers zone.
15:49 of 2nd period - Off-side.
15:50 of 2nd period - Vincent Trocheck wins face-off versus Sam Reinhart in neutral zone.
16:02 of 2nd period - Mike Hoffman is hit by Braydon Coburn and loses puck.
16:20 of 2nd period - Travis Konecny is hit by Braydon Coburn and loses puck.
16:29 of 2nd period - Shot by Sam Reinhart.
16:29 of 2nd period - Stopped by Christopher Gibson without a rebound.
16:30 of 2nd period - Nick Bonino wins face-off versus Nicklas Backstrom in Rangers zone.
16:35 of 2nd period - Shot by Nick Leddy.
16:35 of 2nd period - Stopped by Jordan Binnington without a rebound.
16:36 of 2nd period - Nicklas Backstrom wins face-off versus Nick Bonino in Devils zone.
16:36 of 2nd period - Nicklas Backstrom is hit by Jordan Schroeder.
16:39 of 2nd period - Icing by Chris Kreider.
16:40 of 2nd period - Nicklas Backstrom wins face-off versus Connor McDavid in Devils zone.
17:17 of 2nd period - Shot by Anthony Mantha.
17:17 of 2nd period - Stopped by Jordan Binnington without a rebound.
17:18 of 2nd period - Sam Reinhart wins face-off versus Vincent Trocheck in Devils zone.
17:34 of 2nd period - Shot by Sam Reinhart.
17:34 of 2nd period - Stopped by Christopher Gibson with a rebound.
17:40 of 2nd period - Shot by Niklas Hjalmarsson.
17:40 of 2nd period - Shot Misses the Net.
17:42 of 2nd period - Shot by Travis Konecny.
17:42 of 2nd period - Stopped by Christopher Gibson without a rebound.
17:43 of 2nd period - Jordan Staal wins face-off versus Nick Bonino in Rangers zone.
18:03 of 2nd period - Icing by Justin Schultz.
18:04 of 2nd period - Jordan Staal wins face-off versus Connor McDavid in Devils zone.
18:04 of 2nd period - Jordan Staal is hit by Anthony Mantha.
18:18 of 2nd period - Minor Penalty to Joel Edmundson for Tripping.
18:19 of 2nd period - Anthony Mantha wins face-off versus Nicklas Backstrom in Rangers zone.
18:31 of 2nd period - Shot by T.J. Oshie.
18:31 of 2nd period - Shot Blocked by Michael Del Zotto.
18:33 of 2nd period - Shot by Damon Severson.
18:33 of 2nd period - Shot Misses the Net.
18:43 of 2nd period - Shot by Nicklas Backstrom.
18:43 of 2nd period - Shot Blocked by Braydon Coburn.
18:45 of 2nd period - Shot by Chris Kreider.
18:45 of 2nd period - Stopped by Christopher Gibson with a rebound.
18:47 of 2nd period - Shot by Justin Schultz.
18:47 of 2nd period - Shot Misses the Net.
18:49 of 2nd period - Shot by Nicklas Backstrom.
18:49 of 2nd period - Deflect By T.J. Oshie.
18:49 of 2nd period - Shot Misses the Net.
18:51 of 2nd period - Shot by Damon Severson.
18:51 of 2nd period - Stopped by Christopher Gibson without a rebound.
18:52 of 2nd period - Anthony Mantha wins face-off versus Jordan Staal in Rangers zone.
19:05 of 2nd period - Shot by Mike Hoffman.
19:05 of 2nd period - Deflect By Sam Reinhart.
19:05 of 2nd period - Shot Misses the Net.
19:07 of 2nd period - Shot by Jordan Staal.
19:07 of 2nd period - Stopped by Christopher Gibson without a rebound.
19:08 of 2nd period - Nicklas Backstrom wins face-off versus Anthony Mantha in Rangers zone.
19:19 of 2nd period - Shot by Pavel Zacha.
19:19 of 2nd period - Stopped by Christopher Gibson without a rebound.
19:20 of 2nd period - Anthony Mantha wins face-off versus Jordan Staal in Rangers zone.
19:33 of 2nd period - Shot by Jordan Staal.
19:33 of 2nd period - Shot Blocked by Nick Leddy.
Goals for this period are 0 for Rangers vs 1 for Devils.
Shots for this period are 6 for Rangers vs 15 for Devils.

3rd period


0:01 of 3rd period - Nicklas Backstrom wins face-off versus Anthony Mantha in neutral zone.
0:18 of 3rd period - Shot by Chris Kreider.
0:18 of 3rd period - Deflect By Mike Hoffman.
0:18 of 3rd period - Shot Blocked by Braydon Coburn.
0:22 of 3rd period - Shot by Sam Reinhart.
0:22 of 3rd period - Shot Blocked by Joel Edmundson.
0:24 of 3rd period - Shot by Mike Hoffman.
0:24 of 3rd period - Shot Misses the Net.
0:26 of 3rd period - Shot by Niklas Hjalmarsson.
0:26 of 3rd period - Shot Blocked by Braydon Coburn.
0:56 of 3rd period - Shot by Kurtis MacDermid.
0:56 of 3rd period - Shot Hit the Post.
1:43 of 3rd period - Off-side.
1:44 of 3rd period - Vincent Trocheck wins face-off versus Pavel Zacha in neutral zone.
2:07 of 3rd period - Shot by Cedric Paquette.
2:07 of 3rd period - Shot Misses the Net.
2:09 of 3rd period - Shot by Cedric Paquette.
2:09 of 3rd period - Shot Blocked by Pavel Zacha.
2:11 of 3rd period - Shot by Cedric Paquette.
2:11 of 3rd period - Stopped by Jordan Binnington with a rebound.
2:37 of 3rd period - Shot by Brandon Pirri.
2:37 of 3rd period - Stopped by Jordan Binnington without a rebound.
2:38 of 3rd period - Sam Reinhart wins face-off versus Connor McDavid in Devils zone.
2:38 of 3rd period - Sam Reinhart is hit by Connor McDavid.
3:01 of 3rd period - Shot by Anthony Mantha.
3:01 of 3rd period - Shot Misses the Net.
3:05 of 3rd period - Shot by Anthony Mantha.
3:05 of 3rd period - Shot Misses the Net.
3:07 of 3rd period - Shot by Alexander Radulov.
3:07 of 3rd period - Goal by Alexander Radulov - Rangers : 2 - Devils : 2.
3:08 of 3rd period - Nick Bonino wins face-off versus Nicklas Backstrom in neutral zone.
3:55 of 3rd period - Icing by Joel Edmundson.
3:56 of 3rd period - Sam Reinhart wins face-off versus Cedric Paquette in Rangers zone.
4:31 of 3rd period - Shot by Travis Konecny.
4:31 of 3rd period - Shot Misses the Net.
4:33 of 3rd period - Shot by Niklas Hjalmarsson.
4:33 of 3rd period - Stopped by Christopher Gibson without a rebound.
4:34 of 3rd period - Jordan Staal wins face-off versus Connor McDavid in Rangers zone.
5:09 of 3rd period - Shot by Jordan Staal.
5:09 of 3rd period - Deflect By Pavel Zacha.
5:09 of 3rd period - Stopped by Christopher Gibson without a rebound.
5:10 of 3rd period - Nicklas Backstrom wins face-off versus Brandon Pirri in Rangers zone.
5:39 of 3rd period - Shot by Nicklas Backstrom.
5:39 of 3rd period - Goal by Nicklas Backstrom - Rangers : 2 - Devils : 3.
5:40 of 3rd period - Mike Hoffman wins face-off versus Vincent Trocheck in neutral zone.
7:19 of 3rd period - Icing by Nicklas Backstrom.
7:20 of 3rd period - Nicklas Backstrom wins face-off versus Connor McDavid in Devils zone.
7:30 of 3rd period - Braydon Coburn is hit by Chris Kreider and loses puck.
7:53 of 3rd period - Shot by Anthony Mantha.
7:53 of 3rd period - Stopped by Jordan Binnington with a rebound.
8:21 of 3rd period - Sam Reinhart is hit by Ondrej Palat.
8:26 of 3rd period - Off-side.
8:27 of 3rd period - Jordan Staal wins face-off versus Brandon Pirri in neutral zone.
8:43 of 3rd period - James Neal is hit by Ryan Pulock and loses puck.
8:51 of 3rd period - Fredrik Claesson is hit by Jordan Staal and loses puck.
9:05 of 3rd period - Shot by Pavel Zacha.
9:05 of 3rd period - Shot Misses the Net.
9:21 of 3rd period - Shot by Travis Konecny.
9:21 of 3rd period - Shot Blocked by Joel Edmundson.
9:23 of 3rd period - Shot by Niklas Hjalmarsson.
9:23 of 3rd period - Shot Misses the Net.
9:39 of 3rd period - Niklas Hjalmarsson is hit by Ondrej Palat and loses puck.
9:43 of 3rd period - Icing by Niklas Hjalmarsson.
9:44 of 3rd period - Connor McDavid wins face-off versus Sam Reinhart in Devils zone.
9:45 of 3rd period - Shot by Alexander Radulov.
9:45 of 3rd period - Stopped by Jordan Binnington without a rebound.
9:46 of 3rd period - Nicklas Backstrom wins face-off versus Connor McDavid in Devils zone.
9:46 of 3rd period - Nicklas Backstrom is hit by Alexander Radulov.
9:49 of 3rd period - Icing by Justin Schultz.
9:50 of 3rd period - Connor McDavid wins face-off versus Nicklas Backstrom in Devils zone.
10:00 of 3rd period - Icing by Justin Schultz.
10:01 of 3rd period - Nicklas Backstrom wins face-off versus Vincent Trocheck in Devils zone.
10:06 of 3rd period - Cedric Paquette is hit by T.J. Oshie and loses puck.
11:06 of 3rd period - Jordan Staal is hit by Anthony Mantha and loses puck.
11:13 of 3rd period - Shot by Jordan Staal.
11:13 of 3rd period - Stopped by Christopher Gibson without a rebound.
11:14 of 3rd period - Nick Bonino wins face-off versus Sam Reinhart in Rangers zone.
11:14 of 3rd period - Nick Bonino is hit by Mike Hoffman.
12:28 of 3rd period - Shot by Anthony Mantha.
12:28 of 3rd period - Stopped by Jordan Binnington without a rebound.
12:29 of 3rd period - Mathieu Joseph wins face-off versus Vincent Trocheck in Devils zone.
12:29 of 3rd period - Mathieu Joseph is hit by Noel Acciari.
12:39 of 3rd period - Shot by Scott Wilson.
12:39 of 3rd period - Shot Blocked by Noel Acciari.
12:41 of 3rd period - Shot by Scott Wilson.
12:41 of 3rd period - Shot Misses the Net.
12:53 of 3rd period - Shot by Cedric Paquette.
12:53 of 3rd period - Stopped by Jordan Binnington with a rebound.
13:33 of 3rd period - Shot by T.J. Oshie.
13:33 of 3rd period - Shot Blocked by Braydon Coburn.
13:39 of 3rd period - Shot by Connor McDavid.
13:39 of 3rd period - Shot Misses the Net.
13:43 of 3rd period - Shot by Connor McDavid.
13:43 of 3rd period - Deflect By Alexander Radulov.
13:43 of 3rd period - Shot Misses the Net.
13:54 of 3rd period - Icing by Ryan Pulock.
13:55 of 3rd period - Nick Bonino wins face-off versus Nicklas Backstrom in Devils zone.
14:02 of 3rd period - Shot by Nick Bonino.
14:02 of 3rd period - Shot Misses the Net.
14:04 of 3rd period - Shot by Nick Bonino.
14:04 of 3rd period - Stopped by Jordan Binnington without a rebound.
14:05 of 3rd period - Jordan Staal wins face-off versus Brandon Pirri in Devils zone.
14:05 of 3rd period - Jordan Staal is hit by Brandon Pirri.
14:56 of 3rd period - Icing by Nick Bonino.
14:57 of 3rd period - Nick Bonino wins face-off versus Sam Reinhart in Rangers zone.
15:02 of 3rd period - Shot by Nick Bonino.
15:02 of 3rd period - Stopped by Jordan Binnington without a rebound.
15:03 of 3rd period - Connor McDavid wins face-off versus Sam Reinhart in Devils zone.
15:08 of 3rd period - Shot by Connor McDavid.
15:08 of 3rd period - Stopped by Jordan Binnington without a rebound.
15:09 of 3rd period - Sam Reinhart wins face-off versus Connor McDavid in Devils zone.
15:20 of 3rd period - Shot by Mike Hoffman.
15:20 of 3rd period - Shot Blocked by Michael Del Zotto.
15:22 of 3rd period - Shot by Ryan Pulock.
15:22 of 3rd period - Stopped by Christopher Gibson without a rebound.
15:23 of 3rd period - Nicklas Backstrom wins face-off versus Noel Acciari in Rangers zone.
15:32 of 3rd period - Shot by Nicklas Backstrom.
15:32 of 3rd period - Stopped by Christopher Gibson without a rebound.
15:33 of 3rd period - Connor McDavid wins face-off versus Sam Reinhart in Rangers zone.
15:56 of 3rd period - Shot by Sam Reinhart.
15:56 of 3rd period - Goal by Sam Reinhart - Rangers : 2 - Devils : 4.
15:57 of 3rd period - Jordan Staal wins face-off versus Vincent Trocheck in neutral zone.
16:22 of 3rd period - Shot by Pavel Zacha.
16:22 of 3rd period - Stopped by Christopher Gibson with a rebound.
17:14 of 3rd period - Shot by Alexander Radulov.
17:14 of 3rd period - Shot Misses the Net.
18:19 of 3rd period - Shot by Ondrej Palat.
18:19 of 3rd period - Stopped by Jordan Binnington without a rebound.
18:20 of 3rd period - Brandon Pirri wins face-off versus Chase De Leo in Devils zone.
19:02 of 3rd period - Icing by Braydon Coburn.
19:03 of 3rd period - Jordan Staal wins face-off versus Brandon Pirri in Rangers zone.
19:28 of 3rd period - Shot by Damon Severson.
19:28 of 3rd period - Stopped by Christopher Gibson without a rebound.
19:29 of 3rd period - Connor McDavid wins face-off versus Sam Reinhart in Rangers zone.
19:46 of 3rd period - Shot by Alexander Radulov.
19:46 of 3rd period - Shot Misses the Net.
19:48 of 3rd period - Shot by Connor McDavid.
19:48 of 3rd period - Stopped by Jordan Binnington without a rebound.
19:49 of 3rd period - Vincent Trocheck wins face-off versus Nicklas Backstrom in Devils zone.
19:52 of 3rd period - Shot by Vincent Trocheck.
19:52 of 3rd period - Shot Misses the Net.
19:54 of 3rd period - Shot by Cedric Paquette.
19:54 of 3rd period - The goal is going for a video replay.
19:54 of 3rd period - The goal is refused.
19:55 of 3rd period - Connor McDavid wins face-off versus Jordan Staal in Devils zone.
Goals for this period are 1 for Rangers vs 2 for Devils.
Shots for this period are 13 for Rangers vs 9 for Devils.